 Dungeon Crawl Stone Soup version 0.20-a0-1114-g33edf32 (webtiles) character file.

1586 urechis the Cleaver (level 8, -10/79 HPs)
             Began as a Hill Orc Berserker on May 6, 2017.
             Was a Priest of Trog.
             Mangled by herpmino's ghost (24 damage)
             ... on level 7 of the Dungeon.
             The game lasted 00:10:19 (7584 turns).

urechis the Cleaver (Hill Orc Berserker)            Turns: 7584, Time: 00:10:19

Health: -10/79     AC:  3    Str: 20      XL:     8   Next: 92%
Magic:  8/8        EV: 12    Int:  5 (7)  God:    Trog [***...]
Gold:   341        SH:  3    Dex: 11 (12) Spells: 7/7 levels left

rFire    . . .     SeeInvis +   y - +0 battleaxe "Kofiacha" {chop, rC+ SInv} (curse)
rCold    + . .     Gourm    .   (shield currently unavailable)
rNeg     . . .     Faith    .   b - +0 animal skin
rPois    .         Spirit   .   a - +0 helmet
rElec    .         Reflect  +   (no cloak)
rCorr    +         Harm     .   (no gloves)
MR       +++..                  (no boots)
Stlth    +.........             p - +3 amulet of reflection
Regen    0.3/turn               t - ring of protection from magic
MPRegen  0.2/turn               z - ring of resist corrosion

@: no status effects
A: magic resistance 2
a: Berserk, Trog's Hand, Burn Spellbooks, Renounce Religion


You were on level 7 of the Dungeon.
You worshipped Trog.
Trog was most pleased with you.
You were near starving.

You visited 1 branch of the dungeon, and saw 7 of its levels.

You collected 341 gold pieces.

Inventory:

Hand Weapons
 y - the cursed +0 battleaxe "Kofiacha" (weapon) {chop, rC+ SInv}
   (You found it on level 6 of the Dungeon)

   It inflicts extra damage upon your enemies.
   It protects you from cold.
   It lets you see invisible.
   It has a curse placed upon it.
Armour
 a - a +0 helmet (worn)
 b - a +0 animal skin (worn)
Jewellery
 p - a +3 amulet of reflection (around neck)
 t - a ring of protection from magic (left hand)
 z - a ring of resist corrosion (right hand)
Wands
 w - a wand of scattershot (2/9)
Scrolls
 e - a scroll of fear {unknown}
 g - 10 scrolls of teleportation {unknown}
 i - 3 scrolls of remove curse {unknown}
 j - a scroll of enchant armour {unknown}
 k - 7 scrolls of identify {unknown}
 u - a scroll of blinking {unknown}
 x - a scroll of immolation {unknown}
Potions
 d - a potion of lignification {unknown}
 h - 2 potions of brilliance
 l - a potion of heal wounds {unknown}
 m - a potion of agility {unknown}
 s - a potion of curing {unknown}
 v - a potion of mutation
Books
 r - a book of Misfortune

   Spells                             Type                      Level
   a - Confusing Touch                Hexes                        1
   b - Confuse                        Hexes                        3
   c - Gell's Gravitas                Translocation                3
   d - Petrify                        Transmutation/Earth          4
   e - Metabolic Englaciation         Hexes/Ice                    5
   f - Yara's Violent Unravelling     Hexes/Transmutation          5
   Trog disapproves of the use of such an item.
Comestibles
 c - 7 bread rations
 f - 5 meat rations


   Skills:
 + Level 9.9 Fighting
 + Level 10.7 Axes
 - Level 2.1 Armour
 - Level 1.5 Dodging


You had 7 spell levels left.
You didn't know any spells.

Dungeon Overview and Level Annotations

Branches:
Dungeon (7/15)             Temple (0/1) D:4

Altars:
Gozag
Kikubaaqudgha
Makhleb
Okawaru
Sif Muna
Yredelemnul
The Shining One

Shops:
D:6 =

Annotations:
D:7 herpmino's ghost, novice FoFi


Innate Abilities, Weirdness & Mutations

You are highly resistant to hostile enchantments. (MR++)


Message History

Herpmino's ghost is severely damaged.
Herpmino's ghost hits you.
You hit herpmino's ghost but do no damage.
Herpmino's ghost is severely damaged.
Herpmino's ghost hits you!!
* * * LOW HITPOINT WARNING * * *
You slash herpmino's ghost!
Herpmino's ghost is severely damaged.
Herpmino's ghost closely misses you.
You completely miss herpmino's ghost.
Herpmino's ghost is severely damaged.
You block herpmino's ghost's attack.
You hit herpmino's ghost.
Herpmino's ghost is almost destroyed.
Herpmino's ghost hits you!
* * * LOW HITPOINT WARNING * * *
You barely miss herpmino's ghost.
Herpmino's ghost is almost destroyed.
You block herpmino's ghost's attack. Herpmino's ghost hits you!!
You die...

........###.#.......
#.............#######
####....###.### ...#
###### #.# ...# #.#
...# #.# ...# #.#
...# #.#####...#...
#.....@W......
#######...#... ...#
...# ...# ...# ####


You could see herpmino's ghost.

Vanquished Creatures
  The ghost of RexLacerta the Slinger, an amateur HaHu (D:3)
  3 ice beasts
  A black bear (D:6)
  A sky beast (D:6)
  2 ogres (D:6)
  A bullfrog (D:6)
  A wyvern skeleton (D:6)
  A howler monkey (D:6)
  2 crimson imps
  A centaur zombie (D:5)
  4 hounds
  A jelly (D:6)
  2 bullfrog skeletons
  An orc priest (D:5)
  Ijyb (D:5)
  2 iguanas (D:6)
  A hound skeleton (D:6)
  4 gnolls (D:2)
  3 adders
  A shadow imp (D:6)
  6 dart slugs
  23 orcs
  5 giant cockroaches
  8 goblins
  10 hobgoblins
  5 jackals (D:3)
  4 quokkas
  6 bats
  5 frilled lizards
  6 kobolds
  A leopard gecko skeleton (D:5)
  A quokka skeleton (D:6)
  9 rats
123 creatures vanquished.

Notes
Turn   | Place    | Note
-------+----------+-------------------------------------------
     0 | D:1      | urechis the Hill Orc Berserker began the quest for the Orb.
     0 | D:1      | Reached XP level 1. HP: 19/19 MP: 1/1
   659 | D:1      | Reached XP level 2. HP: 23/27 MP: 2/2
  1772 | D:1      | Reached XP level 3. HP: 25/34 MP: 3/3
  2032 | D:2      | Found an opulent altar of Gozag.
  2201 | D:2      | Found a faded altar of an unknown god.
  2314 | D:2      | Reached ** piety under Trog
  2454 | D:2      | Reached skill level 5 in Axes
  2459 | D:2      | Reached XP level 4. HP: 41/41 MP: 4/4
  2464 | D:2      | Reached skill level 5 in Fighting
  3347 | D:3      | Reached XP level 5. HP: 43/48 MP: 5/5
  3578 | D:3      | Reached skill level 6 in Axes
  3580 | D:3      | Reached *** piety under Trog
  3856 | D:3      | Noticed RexLacerta's ghost (amateur HaHu)
  3868 | D:3      | Killed RexLacerta's ghost
  3868 | D:3      | Reached skill level 7 in Axes
  3868 | D:3      | Reached XP level 6. HP: 58/58 MP: 6/6
  3947 | D:4      | You fall through a shaft!
  3947 | D:5      | Entered Level 5 of the Dungeon
  4169 | D:5      | Reached XP level 7. HP: 66/66 MP: 7/7
  4473 | D:4      | Found a staircase to the Ecumenical Temple.
  4557 | D:4      | Found an ancient bone altar of Kikubaaqudgha.
  4716 | D:4      | Reached skill level 8 in Axes
  4886 | D:4      | Found an iron altar of Okawaru.
  4890 | D:4      | Found a deep blue altar of Sif Muna.
  4999 | D:4      | Found a burning altar of Makhleb.
  4999 | D:4      | Found a basalt altar of Yredelemnul.
  5000 | D:4      | Found a glowing golden altar of the Shining One.
  5398 | D:5      | Noticed Ijyb
  5407 | D:5      | Killed Ijyb
  6114 | D:6      | Got a transparent battleaxe
  6115 | D:6      | Identified the cursed +0 battleaxe "Kofiacha" {chop, rC+ SInv} (You found it on level 6 of the Dungeon)
  6242 | D:6      | Reached skill level 9 in Axes
  6242 | D:6      | Reached XP level 8. HP: 45/74 MP: 8/8
  6636 | D:6      | Reached skill level 10 in Axes
  6651 | D:6      | Gained mutation: Armour fits poorly on your strangely shaped body. [mutagenic meat]
  6652 | D:6      | Gained mutation: You are dopey. (Int -2) [mutagenic meat]
  6656 | D:6      | Lost mutation: Armour fits poorly on your strangely shaped body. [potion of mutation]
  6656 | D:6      | Lost mutation: You are dopey. (Int -2) [potion of mutation]
  6656 | D:6      | Gained mutation: You are resistant to hostile enchantments. (MR+) [potion of mutation]
  6656 | D:6      | Gained mutation: You are highly resistant to hostile enchantments. (MR++) [potion of mutation]
  6921 | D:6      | Found an opulent altar of Gozag.
  7175 | D:6      | Found Koehar's Jewellery Shoppe.
  7572 | D:7      | Noticed herpmino's ghost (novice FoFi)
  7584 | D:7      | Mangled by herpmino's ghost

Vault maps used:
D:1:      dpeg_arrival_fog, grunt_decor_resistance, minmay_misc_feat_doors
D:2:      chequers_ecumenical_altar_island, nicolae_gozag_seed_capital
D:3:      kennysheep_big_flooded_room
D:4:      nicolae_overflow_hidden_temple, minitemple,
          minmay_temple_entry_from_below_a, first_bread
D:5:      uniq_ijyb
D:6:      serial_shops, shop, basic_altar, corexii_hall_statues_i,
          grunt_decor_fettered
D:7:      minmay_misc_feat_plants, grunt_livestock, bloody_trog

Skill      XL: |  1  2  3  4  5  6  7  8 |
---------------+-------------------------+-----
Fighting       | 4 5 6 7 8 9 |  9.9
Axes           | 5 7 9 10 | 10.7
Armour         | |  2.1
Dodging        | |  1.5

Action                   |  1- 3 |  4- 6 |  7- 9 || total
-------------------------+-------+-------+-------++-------
Melee: Hand axe          |   102 |   100 |       ||   202
       War axe           |       |    29 |    85 ||   114
       Battleaxe         |       |       |    70 ||    70
Invok: Berserk           |     1 |     3 |     1 ||     5
       Burn Spellbooks   |       |       |     1 ||     1
  Use: Potion            |       |       |     4 ||     4
 Stab: Sleeping          |     1 |     2 |       ||     3
  Eat: Chunk             |     5 |     7 |     9 ||    21
       Meat ration       |       |       |     1 ||     1
Armor: Animal skin       |    11 |    38 |    24 ||    73
Dodge: Dodged            |    51 |   106 |    84 ||   241
Block: Other             |       |       |    23 ||    23
       Reflection        |       |       |     1 ||     1
